Map: Submarine LE

Players

Solar

  • Race: Zerg Zerg
  • Spawn Location: 11:00

Serral - Winner!

  • Race: Zerg Zerg
  • Spawn Location: 5:00

Event: StayAtHomestory Cup #2

VOD

Have the link to the VOD?

Description

Time

  • Played on: June 13, 2020, 4:36 p.m.
  • Length: 9:49

All games in this series

Show
View Real Time Build Order
Export as new Build Order

Solar Zerg 

Build Orders: Hatch First 

Get SALT Encoding   

  12  0:02  Drone  
  13  0:14  Overlord  
  13  0:18  Drone  
  14  0:33  Drone x2  
  16  0:49  Hatchery  
  15  0:51  Drone  
  15  0:55  Drone  
  17  0:59  Drone  
  18  1:09  Extractor  
  17  1:14  Spawning Pool  
  17  1:17  Drone  
  17  1:21  Drone  
  18  1:30  Drone  
  19  1:40  Drone  
  20  1:52  Overlord  
  20  2:01  Queen x2  
  20  2:02  Zergling x2  
  20  2:04  Drone  
  26  2:10  Metabolic Boost  
  26  2:14  Zergling x2  
  26  2:15  Drone  
  28  2:25  Drone x2  
  30  2:37  Hatchery  
  30  2:44  Drone  
  30  2:45  Drone, Baneling Nest  
  29  2:51  Overlord  
  29  2:55  Zergling x2  
  29  2:57  Drone  
  31  2:59  Drone  
  32  3:12  Zergling x8  
  36  3:13  Zergling x4  
  36  3:15  Zergling x2  
  36  3:18  Zergling x2  
  40  3:25  Overlord  
  40  3:26  Drone  
  41  3:28  Baneling x3  
  41  3:33  Drone x2  
  43  3:36  Evolution Chamber  
  42  3:42  Zergling x2  
  42  3:43  Drone x3  
  42  3:46  Drone  
  42  3:48  Drone  
  46  3:56  Drone  
  46  3:57  Drone  
  46  3:58  Queen  
  46  4:02  Overlord  
  50  4:03  Drone  
  50  4:06  Drone  
  50  4:09  Drone x2  
  54  4:13  Zerg Missile Weapons Level 1  
  53  4:18  Roach Warren  
  53  4:20  Drone x2  
  53  4:23  Extractor  
  53  4:25  Extractor  
  53  4:26  Drone x2  
  53  4:28  Drone  
  53  4:29  Drone  
  56  4:31  Zergling x2  
  56  4:33  Overlord  
  56  4:36  Zergling x4  
  59  4:40  Overlord  
  59  4:46  Drone x3  
  59  4:49  Overlord  
  59  4:50  Drone  
  59  4:51  Drone  
  64  4:53  Drone x2  
  64  4:59  Lair  
  65  5:00  Drone  
  65  5:03  Drone  
  65  5:05  Overlord  
  65  5:06  Drone  
  68  5:08  Drone  
  68  5:09  Drone  
  68  5:11  Drone  
  68  5:12  Drone  
  68  5:13  Drone  
  73  5:15  Drone x2  
  73  5:17  Drone  
  73  5:19  Drone  
  77  5:25  Drone x3  
  80  5:29  Extractor, Drone x2  
  80  5:31  Extractor, Drone  
  80  5:32  Extractor, Drone  
  80  5:33  Drone  
  82  5:41  Drone x4  
  82  5:42  Overlord  
  86  5:46  Overlord  
  86  5:52  Roach x2  
  86  5:54  Overlord  
  90  5:59  Glial Reconstitution, Overseer  
  90  6:02  Spire  
  90  6:03  Roach x2  
  90  6:04  Hatchery  
  91  6:09  Roach x3  
  91  6:11  Overlord  
  97  6:14  Overlord  
  98  6:22  Roach x3  
  98  6:23  Roach  
  106  6:28  Overlord  
  106  6:30  Hatchery  
  106  6:32  Overlord  
  105  6:35  Overlord  
  105  6:42  Roach x6  
  105  6:46  Overlord  
  114  6:56  Roach x3  
  120  7:15  Mutalisk x6  
  118  7:16  Mutalisk x2  
  118  7:19  Mutalisk x2  
  118  7:20  Extractor  
  135  7:23  Mutalisk  
  135  7:26  Drone x2  
  135  7:29  Extractor  
  136  7:30  Zerg Flyer Weapons Level 1  
  136  7:31  Drone  
  136  7:32  Drone x3, Overlord x3  
  136  7:35  Mutalisk  
  136  7:37  Overlord  
  142  7:38  Overlord  
  142  7:41  Queen  
  144  7:45  Overlord  
  144  7:51  Mutalisk x2  
  144  7:53  Zergling x8  
  144  7:57  Mutalisk  
  154  7:59  Overlord  
  154  8:01  Mutalisk  
  156  8:07  Zergling x20  
  165  8:13  Mutalisk  
  165  8:14  Mutalisk  
  165  8:17  Overlord  
  165  8:18  Mutalisk  
  171  8:25  Mutalisk x2  
  174  8:31  Mutalisk  
  174  8:32  Zergling x2  
  174  8:33  Zergling x16  
  184  8:43  Mutalisk x3  
  181  8:51  Zergling x12  
  170  8:57  Mutalisk  
  170  8:58  Hatchery  
  164  9:03  Mutalisk x2  
  164  9:09  Mutalisk  
  170  9:13  Mutalisk  
  173  9:17  Zergling x6  
  173  9:20  Mutalisk  
  173  9:23  Mutalisk  
Show
View Real Time Build Order
Export as new Build Order

Serral Zerg - Winner!

Build Orders: Pool First 

Get SALT Encoding   

  12  0:01  Drone  
  13  0:12  Overlord  
  13  0:17  Drone  
  14  0:31  Drone x2  
  14  0:34  Drone  
  17  0:43  Spawning Pool  
  17  0:47  Drone  
  17  1:07  Hatchery  
  17  1:09  Drone  
  17  1:11  Extractor  
  17  1:14  Drone  
  18  1:18  Drone  
  18  1:27  Drone  
  18  1:31  Queen  
  21  1:39  Overlord  
  21  1:50  Drone  
  22  2:02  Drone  
  22  2:07  Queen  
  25  2:10  Drone  
  25  2:13  Metabolic Boost  
  26  2:19  Queen, Drone  
  30  2:22  Drone  
  30  2:30  Zergling x2  
  30  2:33  Overlord  
  30  2:36  Baneling Nest  
  30  2:40  Drone x2  
  30  2:41  Drone  
  33  2:46  Drone x2  
  35  2:52  Drone  
  35  2:56  Zergling x2  
  37  3:07  Hatchery  
  37  3:09  Zergling x2  
  37  3:11  Drone  
  38  3:14  Overlord  
  38  3:16  Drone  
  38  3:19  Drone  
  40  3:20  Zergling x2  
  40  3:21  Baneling  
  41  3:27  Drone  
  41  3:28  Evolution Chamber, Drone  
  41  3:32  Drone x2  
  44  3:38  Baneling x2  
  44  3:39  Zergling x4  
  47  3:41  Zergling x2  
  47  3:44  Extractor, Drone  
  47  3:48  Drone x2  
  47  3:49  Baneling  
  47  3:52  Drone  
  47  3:55  Drone x2  
  51  3:57  Overlord  
  51  4:01  Zergling x2  
  52  4:09  Roach Warren  
  51  4:11  Drone  
  52  4:17  Overlord  
  52  4:18  Drone x2  
  52  4:21  Zergling x2  
  52  4:23  Overlord  
  55  4:26  Drone  
  55  4:27  Drone x3  
  55  4:30  Drone  
  59  4:35  Lair  
  59  4:36  Drone  
  59  4:38  Drone  
  61  4:42  Drone  
  61  4:45  Drone x3  
  64  4:50  Drone  
  66  4:54  Drone x3  
  66  4:57  Extractor, Drone x2  
  66  4:58  Extractor  
  69  5:00  Drone x2  
  69  5:05  Zergling x2  
  69  5:06  Baneling  
  72  5:08  Drone x3  
  72  5:12  Drone x3  
  72  5:13  Drone  
  79  5:17  Extractor, Drone x2  
  79  5:18  Extractor  
  79  5:22  Overlord  
  79  5:24  Drone  
  79  5:27  Zerg Missile Weapons Level 1  
  80  5:29  Evolution Chamber  
  80  5:30  Drone x2  
  80  5:31  Drone  
  80  5:34  Glial Reconstitution  
  81  5:38  Drone, Spire  
  81  5:43  Overlord  
  81  5:44  Roach  
  81  5:47  Roach x3  
  81  5:49  Overseer  
  89  5:53  Overlord  
  89  5:54  Hatchery  
  88  6:03  Overlord  
  88  6:04  Roach x4  
  88  6:08  Overlord  
  96  6:12  Roach x3  
  101  6:25  Roach x4  
  109  6:28  Overlord  
  109  6:35  Overlord  
  109  6:36  Overlord  
  109  6:37  Overlord  
  109  6:52  Mutalisk x7  
  120  6:58  Roach x2  
  130  7:04  Extractor, Zerg Flyer Armor Level 1  
  130  7:07  Mutalisk x2  
  129  7:13  Mutalisk  
  129  7:19  Overlord  
  129  7:20  Drone x4  
  129  7:21  Drone x2  
  129  7:22  Extractor  
  133  7:25  Mutalisk x2  
  133  7:27  Overlord x2  
  137  7:30  Mutalisk  
  137  7:34  Mutalisk  
  137  7:35  Hatchery  
  140  7:40  Mutalisk  
  140  7:43  Drone x2  
  140  7:44  Drone x2  
  146  7:45  Queen  
  146  7:47  Overlord  
  146  7:48  Overlord  
  146  7:50  Mutalisk x2  
  152  7:55  Roach  
  152  7:58  Mutalisk  
  152  7:59  Mutalisk  
  152  8:00  Spore Crawler  
  155  8:05  Mutalisk  
  155  8:07  Zergling x14  
  155  8:08  Zergling x8  
  167  8:13  Ravager  
  167  8:14  Mutalisk x2  
  171  8:24  Mutalisk  
  171  8:25  Mutalisk  
  175  8:27  Zergling x12  
  181  8:39  Extractor  
  181  8:41  Extractor  
  178  8:46  Mutalisk x5  
  183  8:49  Zergling x18  
  186  8:59  Mutalisk x3  
  179  9:05  Mutalisk  
  179  9:07  Zergling x12, Spore Crawler  
  179  9:08  Zergling x2  
  187  9:18  Mutalisk x2  
  191  9:25  Mutalisk x2  
Tags
 
Add a new tag
Caveats
  • Supply blocks, unpowered buildings, or Contaminate may cause inaccurate times.
  • Supply counts are checked every 10 seconds.